 Dungeon Crawl Stone Soup version 0.28-a0-194-g42b4daccc1 (webtiles) character file.

Game seed: 14836044053421658090

198 thedisplayname the Sneak (level 5, -1/34 HPs)
             Began as an Octopode Artificer on Aug 18, 2021.
             Slain by an orc (7 damage)
             ... on level 3 of the Dungeon.
             The game lasted 00:17:53 (5991 turns).

thedisplayname the Sneak (Octopode Artificer)       Turns: 5991, Time: 00:17:54

Health: -1/34      AC:  1    Str: 12    XL:     5   Next: 76%
Magic:  5/5        EV: 14    Int: 13    God:
Gold:   75         SH:  0    Dex: 13    Spells: 4/4 levels left

rFire   . . .      SeeInvis .   g - +2 short sword (venom)
rCold   . . .      Faith    .   (no shield)
rNeg    . . .      Spirit   .   e - +0 hat
rPois   .          Reflect  .   (no amulet)
rElec   .          Harm     .   (no ring)
rCorr   .          Rampage  .   (no ring)
Will    .....                   (no ring)
Stlth   +++++.....              (no ring)
HPRegen 0.11/turn               (no ring)
MPRegen 0.09/turn               (no ring)
                                (no ring)
                                (no ring)

@: no status effects
A: almost no armour, amphibious, 8 rings, camouflage 1, gelatinous body 1,
nimble swimmer 1, tentacles
a: no special abilities


You were on level 3 of the Dungeon.
You visited 1 branch of the dungeon, and saw 3 of its levels.

You collected 75 gold pieces.

Inventory:

Hand Weapons
 g - a +2 short sword of venom (weapon)
 j - a +0 dagger
Armour
 a - a +3 chain mail of willpower
 e - a +0 hat (worn)
Wands
 b - a wand of flame (4)
 c - a wand of charming (10)
Scrolls
 m - a scroll of immolation
Potions
 i - a potion of brilliance
Miscellaneous
 d - a piece from Xom's chessboard (12/15) (quivered)


   Skills:
 - Level 1.8 Fighting
 + Level 1.6 Short Blades
 + Level 3.4 Dodging
 * Level 5.2 Stealth
 - Level 3.8 Evocations


You had 4 spell levels left.
You didn't know any spells.
Your spell library contained the following spells:

 Spells                   Type           Power      Damage    Failure   Level
 Dazzling Flash           Conj/Hex       0%         N/A       67%         3
 Gell's Gravitas          Tloc           0%         N/A       67%         3
 Teleport Other           Tloc           0%         N/A       67%         3
 Agony                    Necr           0%         N/A       100%        5
 Silence                  Hex/Air        0%         N/A       100%        5
 Dispersal                Tloc           0%         N/A       100%        6


Dungeon Overview and Level Annotations

Branches:
Dungeon (3/15)

Altars:


Innate Abilities, Weirdness & Mutations

You cannot wear most types of armour.
You are amphibious.
You can wear up to eight rings at the same time.
Your skin changes colour to match your surroundings (Stealth+).
Your rubbery body absorbs attacks. (AC +1, EV +1)
You are camouflaged near water. (Stealth+)
You have tentacles for arms and can constrict up to eight enemies at once.


Message History

You hear a splash.
The orc priest miscasts a cantrip.
You see here a +0 mace.
You hit the plant.
The plant begins to die.
You grab the plant.
The plant is lightly damaged.
You constrict the plant. You hit the plant. You squeeze the plant!
The plant is lightly damaged.
You constrict the plant.
The orc throws a boomerang.
The boomerang completely misses you.
You hit the plant.
The plant is lightly damaged.
You constrict the plant.
The orc throws a boomerang.
The boomerang closely misses you.
You puncture the plant!
The plant is poisoned.
You squeeze the plant!
The plant is moderately damaged.
You constrict the plant.
The orc throws a boomerang.
The boomerang misses you.
You hit the plant.
The plant looks as sick as possible!
The plant is moderately damaged.
You constrict the plant.
A nearby plant withers and dies.
You lose your grip on the plant.
The orc throws a boomerang.
The boomerang hits you.
The orc priest mumbles some strange prayers to Beogh against you.
Beogh smites you!
The orc throws a boomerang.
The boomerang closely misses you.
The orc priest mumbles some strange prayers to Beogh against you.
You barely resist.
An adder comes into view.
There is an open door here.
The orc closely misses you.
You are too injured to fight recklessly!
Okay, then.
You make a move on Xom's chessboard...
The orc seems to slow down.
The orc hits you with a +0 flail.
The orc priest casts a cantrip, but nothing happens.
The orc hits you with a +0 war axe!
* * * LOW HITPOINT WARNING * * *
You closely miss the orc. You grab the orc. You constrict the orc.
The orc hits you with a +0 flail!
You die...

≈≈≈≈≈≈≈≈≈≈≈≈≈≈P≈P≈....#
≈≈≈≈≈≈≈≈≈≈≈≈♣P≈≈♣≈##..#
≈≈≈≈≈≈≈≈≈♣≈≈♣≈≈≈♣###(.#
≈≈≈≈≈≈≈≈≈≈≈P≈≈♣ #..####
≈≈S≈≈≈≈≈≈P≈≈♣≈# #.....#
≈≈≈≈≈♣≈≈♣♣)♣♣.# ##.##.#
♣≈≈≈≈≈♣##.#######.# #
♣≈P♣≈.##o##.#≈≈≈≈#†.# #
##.......#@≈≈≈#.##
#######ooo≈≈≈'.#
###≈≈≈≈### #≈≈≈≈#
######


You could see an orc priest and 2 orcs.

Vanquished Creatures
  Terence (D:1)
  Natasha (thrice) (D:2)
  5 adders
  A worm (D:2)
  2 dart slugs
  An orc (D:3)
  3 endoplasms
  2 goblins (D:1)
  3 hobgoblins (D:1)
  8 jackals
  A quokka (D:2)
  8 ball pythons
  3 bats
  A frilled lizard (D:2)
  2 kobolds
  4 rats
48 creatures vanquished.

Vanquished Creatures (others)
  A hobgoblin (D:2)
  13 plants (D:3)
14 creatures vanquished.

Grand Total: 62 creatures vanquished

Notes
Turn   | Place    | Note
-------+----------+-------------------------------------------
     0 | D:1      | thedisplayname the Octopode Artificer began the quest for
                  | the Orb.
     0 | D:1      | Reached XP level 1. HP: 13/13 MP: 1/1
   221 | D:1      | Reached XP level 2. HP: 9/18 MP: 2/2
   382 | D:1      | Reached skill level 2 in Stealth
  1130 | D:1      | Reached XP level 3. HP: 9/23 MP: 3/3
  1592 | D:2      | Found a faded altar of an unknown god.
  1624 | D:2      | Noticed Terence
  1628 | D:2      | Noticed Natasha
  1669 | D:1      | Reached skill level 3 in Stealth
  4412 | D:1      | Killed Terence
  4413 | D:1      | Reached XP level 4. HP: 14/29 MP: 4/4
  4589 | D:2      | Killed Natasha
  4758 | D:2      | Reached skill level 4 in Stealth
  4760 | D:2      | Noticed Natasha
  4795 | D:2      | Killed Natasha
  4796 | D:2      | Reached skill level 1 in Short Blades
  4796 | D:2      | Reached XP level 5. HP: 21/34 MP: 5/5
  5037 | D:2      | Noticed Natasha
  5042 | D:2      | Killed Natasha
  5616 | D:2      | Reached skill level 5 in Stealth
  5991 | D:3      | Slain by an orc

Illustrated notes

Levels and vault maps discovered:
D:1:      dpeg_arrival_pond, layout_rooms, grunt_decor_junction
D:2:      layout_basic, hellmonk_ecumenical_altar_pennies_from_heaven,
          bh_walls_and_bars, uniq_natasha, uniq_terence
D:3:      layout_basic, mainiacjoe_overflow_alcove_2, tgw_sif, serial_bayou,
          serial_bayou_lake_a, serial_bayou_pond_e, serial_bayou_ford_a,
          serial_bayou_pond_a, serial_bayou_pond_e,
          chequers_serial_rivers_room_b, uniq_robin, uniq_grinder

Skill      XL: |  1  2  3  4  5 |
---------------+----------------+-----
Stealth        | 2 3 4 5 |  5.2
Dodging        | 3 |  3.4
Short Blades   | 1 |  1.6
Fighting       | |  1.8
Evocations     | |  3.8

Action                   |  1- 3 |  4- 6 || total
-------------------------+-------+-------++-------
Melee: Mace              |    25 |       ||    25
       Club              |     5 |       ||     5
       Constrict         |    25 |    12 ||    37
       Dagger            |   102 |     8 ||   110
       Tentacles         |    21 |     9 ||    30
       Short sword       |       |    43 ||    43
Evoke: Wand              |    11 |     5 ||    16
       Piece from Xom's  |     5 |     5 ||    10
  Use: Potion            |     7 |     1 ||     8
       Scroll            |     2 |     2 ||     4
 Stab: Sleeping          |     5 |     7 ||    12
       Petrifying        |       |     1 ||     1
Armor: Skin              |    10 |     2 ||    12
Dodge: Dodged            |   119 |    21 ||   140

Table legend: (Time is in decaauts)
 A = Elapsed time spent in this place.
 B = Non-inter-level travel time spent in this place.
 C = Inter-level travel time spent in this place.
 D = Time resting spent in this place.
 E = Time spent auto-exploring this place.
 F = Levels seen in this place.
 G = Mean time per level.
                   A        B        C        D        E       F      G
               +--------+--------+--------+--------+--------+-----+--------+
         Total |   5999 |   5999 |      0 |   3470 |   1716 |   3 | 1999.7 |
       Dungeon |   5999 |   5999 |      0 |   3470 |   1716 |   3 | 1999.7 |
               +--------+--------+--------+--------+--------+-----+--------+

Top non-repeatable levels by time:
     D:1: 4524 daAuts
     D:2: 1395 daAuts
     D:3: 78 daAuts
